 Dungeon Crawl Stone Soup version 0.23.0 (webtiles) character file.

Game seed: 4674788567551412897

1628455 vonabol the Hoplite (level 27, 206/206 (214) HPs)
             Began as an Octopode Berserker on Feb 17, 2019.
             Was a High Priest of Trog.
             Escaped with the Orb
             ... and 3 runes!
             The game lasted 02:56:33 (78259 turns).

vonabol the Hoplite (Octopode Berserker)           Turns: 78259, Time: 02:56:34

HP:   206/206 (214) AC:  6    Str: 23    XL:     27
MP:   33/33         EV: 43    Int: 22    God:    Trog [*****.]
Gold: 573           SH: 35    Dex: 27    Spells: 26/26 levels left

rFire    + . .     SeeInvis +   D - +9 demon trident (elec)
rCold    + . .     Gourm    .   d - +8 large shield
rNeg     + + +     Faith    .   a - +0 mask of the Dragon {MR+ Slay+3 SInv}
rPois    +         Spirit   +   f - amulet of Compassion {Spirit +Inv rN+ Str-5}
rElec    +         Reflect  .   x - ring "Hitaim" {rPois MR+ AC+3 Int+4}
rCorr    .         Harm     .   h - ring "Zele" {rN+ MR+ EV+1}
MR       +++++                  I - ring of protection from cold
Stlth    ++........             P - +6 ring of evasion
HPRegen  1.44/turn              Z - +6 ring of strength
MPRegen  0.23/turn              k - ring "Maaf" {rElec rF+ rN+ EV+3}
                                L - ring of Coys {rPois rC- Int+4 Slay+4 SInv}
                                W - ring "Odghined" {rC+ Int+3 Dex+6}

@: regenerating, hasted, very quick
A: almost no armour, stealthy swim, amphibious, 8 rings, constrict 8, thin
metallic scales 1, camouflage 1, agile 1, low mp 1, magic resistance 1, strong
1, wild magic 1, gelatinous body 1, no potion heal 1
0: Orb of Zot
}: 3/15 runes: barnacled, slimy, gossamer
a: Berserk, Trog's Hand, Brothers in Arms, Renounce Religion, Evoke Invisibility


You escaped.
You worshipped Trog.
Trog was extremely pleased with you.
You were not hungry.

You visited 9 branches of the dungeon, and saw 49 of its levels.
You visited 1 bazaar.
You visited 1 ziggurat, and saw 6 of its levels.
You also visited: Ice Cave and Wizlab.

You collected 7012 gold pieces.
You spent 6439 gold pieces at shops.

Inventory:

Hand Weapons
 e - a +5 antimagic demon trident
 D - a +9 demon trident of electrocution (weapon)
 E - a +6 demon trident of freezing
Missiles
 K - 19 throwing nets (quivered) {!f}
Armour
 a - the +0 mask of the Dragon (worn) {MR+ Slay+3 SInv}
   (You found it on level 4 of the Realm of Zot)

   It affects your accuracy and damage with ranged weapons and melee attacks
   (+3).
   It affects your resistance to hostile enchantments.
   It lets you see invisible.
 d - a +8 large shield (worn)
Jewellery
 c - the ring "Dechures" {+Inv rPois rF+}
   (You found it on level 5 of the Pits of Slime)

   [ring of protection from fire]

   It protects you from fire.
   It protects you from poison.
   It lets you turn invisible.
 f - the amulet of Compassion (around mantle) {Spirit +Inv rN+ Str-5}
   (You bought it in a shop on level 2 of the Orcish Mines)

   [amulet of guardian spirit]

   It causes incoming damage to be split between your health and magic.
   It affects your strength (-5).
   It protects you from negative energy.
   It lets you turn invisible.
 h - the ring "Zele" (right tentacle) {rN+ MR+ EV+1}
   (You found it on level 5 of the Pits of Slime)

   [ring of evasion]

   It affects your evasion (+1).
   It protects you from negative energy.
   It affects your resistance to hostile enchantments.
 k - the ring "Maaf" (on tentacle) {rElec rF+ rN+ EV+3}
   (You took it off a deep elf demonologist on level 3 of the Elven Halls)

   [ring of evasion]

   It affects your evasion (+3).
   It protects you from fire.
   It insulates you from electricity.
   It protects you from negative energy.
 q - an uncursed ring of protection from fire
 r - an uncursed ring of flight
 w - the ring "Axzoxki" {rElec MR+ Str+6 Dex-4 SInv}
   (You bought it in a shop on level 7 of the Dungeon)

   [ring of see invisible]

   It affects your strength (+6).
   It affects your dexterity (-4).
   It insulates you from electricity.
   It affects your resistance to hostile enchantments.
   It lets you see invisible.
 x - the ring "Hitaim" (left tentacle) {rPois MR+ AC+3 Int+4}
   (You found it on level 4 of the Shoals)

   [ring of protection]

   It affects your AC (+3).
   It affects your intelligence (+4).
   It protects you from poison.
   It affects your resistance to hostile enchantments.
 y - a +4 ring of slaying
 I - a ring of protection from cold (on tentacle)
 L - the ring of Coys (on tentacle) {rPois rC- Int+4 Slay+4 SInv}
   (You bought it in a shop on level 7 of the Dungeon)

   [ring of poison resistance]

   It affects your intelligence (+4).
   It affects your accuracy and damage with ranged weapons and melee attacks
   (+4).
   It makes you vulnerable to cold.
   It protects you from poison.
   It lets you see invisible.
 P - a +6 ring of evasion (on tentacle)
 R - an uncursed ring of resist corrosion
 W - the ring "Odghined" (on tentacle) {rC+ Int+3 Dex+6}
   (You bought it in a shop on level 2 of the Orcish Mines)

   [ring of dexterity]

   It affects your intelligence (+3).
   It affects your dexterity (+6).
   It protects you from cold.
 Z - a +6 ring of strength (on tentacle)
Wands
 l - a wand of iceblast (14)
 o - a wand of enslavement (14)
 u - a wand of paralysis (16)
 F - a wand of clouds (10)
 G - a wand of digging (26)
 Y - a wand of acid (23)
Scrolls
 g - 3 scrolls of blinking
 j - 17 scrolls of teleportation {@r3}
 p - a scroll of fog
 A - a scroll of silence
 B - 9 scrolls of fear
 O - 4 scrolls of summoning
 Q - a scroll of remove curse {@r2}
 T - 4 scrolls of identify {@r1}
Potions
 i - 5 potions of agility
 s - 2 potions of mutation
 t - 2 potions of ambrosia
 v - 3 potions of magic
 z - 3 potions of cancellation
 C - 5 potions of might
 J - 3 potions of resistance
 M - 6 potions of heal wounds
 N - 9 potions of curing {@q1}
 S - 3 potions of haste
 U - 2 potions of invisibility
Miscellaneous
 m - 3 sacks of spiders
 n - a lamp of fire
 H - 4 phantom mirrors
 V - a fan of gales
 X - a phial of floods
Comestibles
 b - 30 rations


   Skills:
 - Level 24.0 Fighting
   Level 6.0 Long Blades
 - Level 18.0 Polearms
 + Level 18.5 Dodging
 - Level 3.0 Stealth
 - Level 25.0 Shields
 - Level 20.0 Evocations


You had 26 spell levels left.
You didn't know any spells.
Your spell library was empty.

Dungeon Overview and Level Annotations

Branches:
Dungeon (15/15)            Temple (0/1) D:6            Lair (6/6) D:9
 Shoals (4/4) Lair:4       Spider (4/4) Lair:3        Slime (5/5) Lair:6
    Orc (2/2) D:9             Elf (3/3) Orc:2        Vaults (0/5) D:13
 Depths (5/5) D:15            Zot (5/5) Depths:5

Altars:
Cheibriados
Dithmenos
Fedhas
Gozag
Nemelex Xobeh
Okawaru
Ru
Xom
Yredelemnul
Beogh
Jiyva

Shops:
D:7 ==(*   Orc:2 [=*(   Elf:1 ?   Shoals:1 !   Depths:1 %*

Portals:
Hell: Depths:1 Depths:2 Depths:3 Depths:4 Depths:5
Abyss: Depths:3 Depths:4
Pandemonium: Depths:1 Depths:3

Annotations:
D:3 exclusion: oklob plant
Slime:3 exclusion: shining eye
Elf:2 5 runed translucent doors
Zot:4 1 exclusion


Innate Abilities, Weirdness & Mutations

You cannot wear most types of armour.
You are very stealthy in the water. (Stealth+)
You are amphibious.
You can wear up to eight rings at the same time.
You can use your tentacles to constrict eight enemies at once.
Your skin changes colour to match your surroundings (Stealth+).
Your rubbery body absorbs attacks. (AC +1, EV +1)
You are partially covered in thin metallic scales. (AC +2)
You are agile. (Dex +2)
Your magical capacity is low. (-10% MP)
You are resistant to hostile enchantments. (MR+)
Your muscles are strong. (Str +2)
Your spells are a little harder to cast, but a little more powerful.
Potions are less effective at restoring your health.


Message History

A rock wall.
This square is covered in magical glow.
The rock shatters into small pieces.
You block Eheycics's attack.
An ice devil comes into view.
Eheycics gestures at you. The bolt of acid misses you.
The ancient lich gestures wildly while chanting.
The ancient lich seems to speed up.
Eheycics gestures at you. The bolt of acid misses you.
As you read the scroll of fog, it crumbles to dust.
The scroll dissolves into smoke.
Your surroundings suddenly seem different.
An Executioner comes into view.
The Executioner gestures at you. You resist with almost no effort.
The Executioner gestures.
The Executioner seems to speed up.
There is a staircase leading out of the dungeon here.
You have escaped!

...##..#..# #............#...####
..........###.#........####....#.
.................................
..............................#..
.....#####.#####.#####.#####..##.
......###...###...###...###...##.
.......#.....#.....#.....#.......
........#####.......#####.....###
[........###..1.@....###......# #
..........#...........#.......# #
...........#####.#####........# #
....#.......###...###.........###
.............#.....#.............
..............#####...........#.#
...#...........###..............#
...#..#.........#..............##
...##...........................#


You could see an Executioner.

Vanquished Creatures
  the Royal Jelly (Slime:5)
  4 orbs of fire
  A pandemonium lord (Zig:4)
  9 ancient liches (Zot:5)
  A juggernaut (Depths:3)
  5 Killer Klowns
  Saint Roka (Orc:2)
  2 curse toes
  the Enchantress (Depths:4)
  Jory (Depths:5)
  7 golden dragons
  The ghost of Cacw the Slayer, an adept MiBe of Trog (Depths:1)
  Arachne (Spider:4)
  4 electric golems
  A Tzitzimitl (Zot:2)
  2 liches
  Rupert (D:15)
  An Ice Fiend (IceCv)
  14 tentacled monstrosities
  Asterion (Depths:3)
  25 Orb Guardians (Zot:5)
  A titan (Depths:4)
  A deep elf master archer (Elf:3)
  5 quicksilver dragons
  A kraken (Shoals:1)
  2 deep elf blademasters
  Polyphemus (Shoals:2)
  19 acid blobs
  A sphinx (Depths:3)
  8 draconian monks
  14 death cobs
  The ghost of Zaureus the Brawler, an adept TrMo of Nemelex Xobeh (Depths:1)
  Agnes (Elf:1)
  2 tengu reavers
  7 shadow dragons
  Roxanne (Shoals:3)
  8 azure jellies
  12 storm dragons
  Ilsuiw (Shoals:3)
  3 deep elf sorcerers
  5 emperor scorpions
  5 fire giants
  3 frost giants
  An orc warlord (Orc:2)
  14 draconian scorchers
  9 ghost moths
  7 draconian knights
  A balrug (D:14)
  2 deep elf elementalists
  3 draconian shifters
  Louise (Elf:3)
  A caustic shrike zombie (D:15)
  2 angels
  10 draconian stormcallers
  4 spriggan defenders (Depths:4)
  12 very ugly things
  16 stone giants
  9 draconian annihilators
  3 entropy weavers
  8 deep elf demonologists (Elf:3)
  15 green draconians
  12 white draconians
  7 deep elf annihilators
  12 black draconians
  8 spark wasps
  11 red draconians
  18 purple draconians
  The ghost of P0WERM0DE the Dwarven Aeon, a journeyman DDFi of Cheibriados (Orc:2)
  A death ooze (Slime:5)
  9 yellow draconians
  13 deep elf death magi
  4 merfolk javelineers
  11 ettins
  9 fire dragons
  A green death (D:5)
  2 jiangshi (Depths:3)
  8 merfolk impalers
  Josephine (D:12)
  3 yaktaur captains
  13 great orbs of eyes
  3 deep elf high priests
  The ghost of loom the Cleaver, a journeyman MiBe of Trog (D:10)
  8 hydras
  A hell beast (D:10)
  Erolcha (D:9)
  5 ice dragons
  Harold (D:7)
  6 rakshasas
  6 merfolk avatars
  A naga warrior (Zig:6)
  A two-headed ogre (shapeshifter) (Zig:4)
  Erica (D:11)
  An anaconda (Zig:6)
  4 catoblepae
  An alligator (Zig:3)
  26 two-headed ogres
  6 spriggan air magi
  11 dancing weapons
  4 centaur warriors
  6 ogre magi
  A satyr (Shoals:4)
  4 merfolk aquamancers
  5 tengu warriors
  3 orc high priests
  7 deep troll earth magi
  4 deep troll shamans
  2 spriggan berserkers
  9 death yaks
  5 vampire magi
  A naga sharpshooter (Zig:6)
  2 shock serpents (Zig:6)
  A storm dragon zombie (Zig:5)
  Nergalle (Orc:2)
  A sixfirhy (Depths:3)
  13 deep elf knights
  6 skeletal warriors
  A sun demon (D:14)
  A hell knight (Depths:4)
  5 death drakes (Depths:5)
  A fire crab (shapeshifter) (D:13)
  13 deep trolls
  4 unseen horrors
  3 iron trolls
  2 shadow demons
  11 sea snakes
  3 flayed ghosts
  6 orc knights
  5 wizards
  18 deep elf archers
  2 necromancers
  18 orb spiders
  A lindwurm (Depths:5)
  25 harpies
  2 obsidian statues (Zig:3)
  2 mana vipers (Zig:6)
  4 oklob plants (Lair:4)
  5 orc sorcerers
  64 deep elf magi
  24 wolf spiders
  7 fauns
  40 ugly things
  16 manticores
  4 cyclopes
  A faun (shapeshifter) (Depths:3)
  A sphinx skeleton (D:15)
  35 moths of wrath
  A moth of wrath (shapeshifter) (Depths:4)
  7 ice statues
  A stone giant skeleton (Zig:5)
  A black mamba (shapeshifter) (Depths:2)
  7 water nymphs
  2 eyes of devastation
  Joseph (D:7)
  11 merfolk sirens
  Maurice (D:8)
  7 spiny frogs
  9 centaur skeletons
  A hellion (Zig:5)
  An orange demon (Depths:3)
  9 black mambas
  4 torpor snails
  2 gargoyles (D:10)
  A spriggan zombie (D:15)
  A rime drake (shapeshifter) (Depths:2)
  20 yaktaurs
  5 komodo dragons
  5 rime drakes
  7 ice devils (IceCv)
  11 demonic crawlers
  An efreet (D:13)
  A freezing wraith (D:14)
  A guardian mummy (D:15)
  A tengu conjurer (Depths:4)
  2 red devils
  5 trolls
  An anaconda simulacrum (IceCv)
  3 meliai (D:14)
  30 jumping spiders
  77 slime creatures
  A polar bear (Lair:5)
  7 wind drakes
  45 merfolk
  A fire dragon zombie (D:15)
  15 dream sheep
  10 hornets
  9 snapping turtles
  A dream sheep (shapeshifter) (Depths:2)
  4 blink frogs
  2 bog bodies (Zig:3)
  9 hippogriffs
  4 spriggans (Depths:4)
  3 shadows
  63 redbacks
  Sigmund (D:6)
  3 wyverns
  A spriggan (shapeshifter) (Depths:2)
  4 air elementals
  A redback (shapeshifter) (Elf:2)
  A dire elephant simulacrum (IceCv)
  57 tarantellas
  5 wraiths
  A basilisk (shapeshifter) (Depths:5)
  A ynoxinul (Depths:4)
  A fire elemental (Elf:2)
  19 golden eyes
  18 water elementals
  54 yaks
  A human (shapeshifter) (Depths:1)
  5 basilisks
  3 chaos spawn
  A neqoxec (D:13)
  2 vampire mosquitoes (D:13)
  4 harpy simulacra (IceCv)
  A naga (Zig:6)
  2 hydra simulacra (IceCv)
  A soldier ant (D:8)
  10 water moccasins
  An iron troll simulacrum (IceCv)
  A human skeleton (Zig:5)
  2 hell hounds (Zig:5)
  9 porcupines
  33 orc warriors
  6 swamp drakes (Depths:5)
  An ice beast (D:13)
  5 eyes of draining
  9 sky beasts
  An ettin simulacrum (IceCv)
  A necrophage (D:12)
  2 black bears
  5 phantoms
  10 wolves (Lair:6)
  24 ogres
  7 boggarts
  8 centaurs
  12 crocodiles
  30 bullfrogs
  A big kobold (D:13)
  A wyvern zombie (D:10)
  Blork the orc (Orc:2)
  A wyvern skeleton (D:13)
  A scorpion (shapeshifter) (Depths:3)
  5 scorpions
  38 wights
  5 jellies
  An electric eel (Spider:3)
  12 crimson imps
  A howler monkey (D:6)
  A bullfrog zombie (D:6)
  A centaur zombie (D:6)
  6 quasits
  7 hounds
  18 orc priests
  25 orc wizards
  6 bullfrog skeletons
  An iron imp (Depths:3)
  8 worker ants
  Jessica (D:2)
  Terence (D:2)
  6 iguanas
  Natasha (thrice) (D:2)
  A hound zombie (D:6)
  2 hound skeletons
  8 gnolls
  19 adders
  A howler monkey skeleton (D:10)
  7 shadow imps
  2 white imps
  An ooze (D:2)
  2 adder skeletons
  3 worms
  3 dart slugs
  9 leopard geckos
  74 orcs
  A ball python (D:6)
  5 giant cockroaches
  7 goblins
  6 hobgoblins
  12 jackals
  8 quokkas
  3 bats (D:3)
  2 frilled lizards
  A jackal skeleton (D:7)
  A jackal zombie (D:9)
  12 kobolds
  A quokka skeleton (D:4)
  A quokka zombie (D:5)
  8 rats
  3 plants
  3 tentacles (Shoals:1)
2063 creatures vanquished.

Vanquished Creatures (collateral kills)
  Mennas (Depths:3)
  An acid blob (Slime:5)
  A storm dragon (Zot:1)
  An emperor scorpion (Spider:1)
  An orb spider (Spider:4)
  2 shining eyes
  An eye of devastation (Slime:5)
  3 ice devils (IceCv)
  A demonic crawler (Spider:4)
  A slime creature (Zig:2)
13 creatures vanquished.

Vanquished Creatures (others)
  A green draconian (Depths:5)
  A spark wasp (Depths:4)
  A spriggan air mage (Depths:3)
  A merfolk aquamancer (Shoals:4)
  A hell hog (D:9)
  2 deep elf knights
  A deep elf archer (Elf:1)
  A faun (Shoals:2)
  2 deep elf magi (Elf:1)
  A merfolk siren (Shoals:4)
  A guardian serpent (shapeshifter) (Elf:1)
  A yaktaur (Depths:4)
  A swamp drake (Depths:5)
  An orc (Elf:3)
  5 fungi
  8 plants
  A tentacle (Shoals:1)
30 creatures vanquished.

Grand Total: 2106 creatures vanquished

Notes
Turn   | Place    | Note
-------+----------+-------------------------------------------
     0 | D:1      | vonabol the Octopode Berserker began the quest for the Orb.
     0 | D:1      | Reached XP level 1. HP: 16/16 MP: 1/1
   332 | D:1      | Reached XP level 2. HP: 19/21 MP: 2/2
   479 | D:1      | Reached skill level 1 in Stealth
   704 | D:2      | Reached XP level 3. HP: 26/26 MP: 3/3
  1066 | D:2      | Found a shadowy altar of Dithmenos.
  1110 | D:2      | Noticed Jessica
  1117 | D:2      | Killed Jessica
  1117 | D:2      | Reached XP level 4. HP: 31/31 MP: 4/4
  1212 | D:2      | Noticed Natasha
  1225 | D:2      | Killed Natasha
  1254 | D:2      | Found a sparkling altar of Nemelex Xobeh.
  1263 | D:2      | Reached ** piety under Trog
  1297 | D:2      | Noticed Terence
  1309 | D:2      | Killed Terence
  1309 | D:2      | Reached XP level 5. HP: 34/36 MP: 5/5
  1604 | D:2      | Noticed Natasha
  1609 | D:2      | Killed Natasha
  1968 | D:2      | Found a shadowy altar of Dithmenos.
  2070 | D:2      | Found a sparkling altar of Nemelex Xobeh.
  2077 | D:2      | Noticed Natasha
  2085 | D:2      | Killed Natasha
  2426 | D:3      | Noticed an ogre
  2434 | D:3      | Killed an ogre
  2434 | D:3      | Reached XP level 6. HP: 43/43 MP: 6/6
  2647 | D:3      | Reached skill level 5 in Dodging
  2657 | D:3      | Found a blossoming altar of Fedhas.
  2841 | D:3      | Noticed an oklob plant
  3012 | D:4      | Noticed a phantom
  3539 | D:4      | Found an iron altar of Okawaru.
  3539 | D:4      | Found a blossoming altar of Fedhas.
  3597 | D:4      | Reached XP level 7. HP: 46/49 MP: 7/7
  3916 | D:3      | Reached *** piety under Trog
  4430 | D:5      | Entered Level 5 of the Dungeon
  4495 | D:5      | Reached skill level 5 in Long Blades
  4500 | D:5      | Reached skill level 5 in Fighting
  4647 | D:5      | Reached XP level 8. HP: 46/55 MP: 8/8
  5474 | D:5      | Got a pitted trident
  5818 | D:5      | Identified the +7 trident of Vihit {flame, *Drain +Inv rF+
                  | rN+} (You found it on level 5 of the Dungeon)
  5834 | D:6      | Got a pitted war axe
  5938 | D:6      | Reached skill level 1 in Polearms
  6005 | D:6      | Found a staircase to the Ecumenical Temple.
  6009 | D:6      | Reached skill level 1 in Evocations
  6342 | D:6      | Noticed Sigmund
  6353 | D:6      | Killed Sigmund
  6353 | D:6      | Reached XP level 9. HP: 60/62 MP: 10/10
  7045 | D:6      | Reached **** piety under Trog
  7542 | D:7      | Identified the +10 war axe of Embarrassment {freeze, rF-
                  | Str+3 Int+2 Dex+3} (You found it on level 6 of the Dungeon)
  7549 | D:7      | Found an iron altar of Okawaru.
  7636 | D:7      | Found Guntis's Assorted Antiques.
  7659 | D:7      | Bought a forked fluorescent wand for 96 gold pieces
  7659 | D:7      | Bought a scroll labeled DIWURCH QEPSA for 24 gold pieces
  7659 | D:7      | Bought a wooden wand for 96 gold pieces
  7659 | D:7      | Bought an amethyst potion for 21 gold pieces
  7828 | D:7      | Found Tuotsefo's Jewellery Emporium.
  7849 | D:7      | Found Zaos's Weapon Emporium.
  8321 | D:7      | Reached skill level 5 in Polearms
  8524 | D:7      | Received a gift from Trog
  8700 | D:7      | Noticed Joseph
  8717 | D:7      | Killed Joseph
  8717 | D:7      | Reached XP level 10. HP: 71/71 MP: 13/13
  8888 | D:7      | Found Cyus's Jewellery Shoppe.
  8944 | D:7      | Noticed Harold
  8972 | D:7      | Bought an uncursed ring of see invisible for 180 gold
                  | pieces
  9405 | D:8      | Noticed Maurice
  9420 | D:8      | Killed Maurice
  9420 | D:8      | Reached skill level 5 in Evocations
 10091 | D:9      | Found a staircase to the Lair.
 10109 | D:8      | Reached ***** piety under Trog
 10244 | D:9      | Noticed Erolcha
 10338 | D:9      | Found a sparkling altar of Nemelex Xobeh.
 10385 | D:9      | Killed Erolcha
 10385 | D:9      | Reached XP level 11. HP: 77/77 MP: 15/15
 10769 | D:9      | Found a sacrificial altar of Ru.
 11092 | D:9      | Found a staircase to the Orcish Mines.
 11325 | D:10     | Entered Level 10 of the Dungeon
 11538 | D:10     | Reached skill level 10 in Dodging
 11538 | D:10     | Reached skill level 1 in Shields
 11668 | D:10     | Noticed a green ugly thing
 11677 | D:10     | Killed a green ugly thing
 11737 | D:10     | Found a basalt altar of Yredelemnul.
 11801 | D:10     | Reached skill level 2 in Shields
 11874 | D:10     | Found a runed translucent gate.
 11874 | D:10     | Found a runed translucent gate.
 11874 | D:10     | Found a runed translucent gate.
 11874 | D:10     | Found an opulent altar of Gozag.
 11874 | D:10     | Noticed a green ugly thing
 11875 | D:10     | Noticed loom's ghost (journeyman MiBe)
 12508 | D:11     | Noticed an unseen horror
 12513 | D:11     | Killed an unseen horror
 12610 | D:11     | Reached skill level 3 in Shields
 12736 | D:11     | Noticed a green ugly thing
 12743 | D:11     | Killed a green ugly thing
 12860 | D:11     | Found a shimmering altar of Xom.
 12981 | D:11     | Noticed Erica
 12988 | D:11     | Killed Erica
 13148 | D:12     | Reached skill level 4 in Shields
 13208 | D:12     | Noticed a two-headed ogre
 13219 | D:12     | Killed a two-headed ogre
 13219 | D:12     | Reached XP level 12. HP: 85/85 MP: 17/17
 13315 | D:12     | Noticed a two-headed ogre
 13323 | D:12     | Killed a two-headed ogre
 13323 | D:12     | Reached skill level 10 in Polearms
 13401 | D:12     | Received a gift from Trog
 13401 | D:12     | Reached skill level 5 in Shields
 13543 | D:12     | Noticed Josephine
 14406 | D:12     | Killed Josephine
 14606 | Lair:1   | Entered Level 1 of the Lair of Beasts
 14637 | Lair:1   | Reached skill level 6 in Shields
 15730 | Lair:2   | Reached XP level 13. HP: 58/92 MP: 19/19
 15941 | Lair:2   | Reached skill level 7 in Shields
 16599 | Lair:2   | Received a gift from Trog
 16966 | Lair:3   | Reached skill level 10 in Fighting
 17473 | Lair:3   | Found a hole to the Spider Nest.
 17656 | Lair:3   | Reached skill level 8 in Shields
 19002 | Lair:4   | Found a staircase to the Shoals.
 19856 | Lair:5   | Found the +4 moon troll leather armour {Spirit, Regen++
                  | MP+5}
 20018 | Lair:5   | Reached skill level 9 in Shields
 20154 | Lair:5   | Noticed Nessos
 20157 | Lair:5   | Noticed Nessos
 20157 | Lair:5   | Nessos changed into Nessos the troll
 20160 | Lair:5   | Killed Nessos the troll
 20512 | Lair:6   | Entered Level 6 of the Lair of Beasts
 20641 | Lair:6   | Found a staircase to the Slime Pits.
 20642 | Lair:6   | Found a viscous altar of Jiyva.
 20903 | Lair:6   | Reached XP level 14. HP: 99/99 MP: 21/21
 21326 | Lair:6   | Received a gift from Trog
 21334 | Lair:6   | Reached skill level 10 in Evocations
 21985 | Lair:6   | Reached skill level 10 in Shields
 22558 | Lair:6   | Got a brightly glowing halberd
 23300 | D:7      | Killed Harold
 23363 | D:7      | Bought the ring of Coys {rPois rC- Int+4 Slay+4 SInv} for
                  | 592 gold pieces
 23419 | D:7      | Bought the ring "Axzoxki" {rElec MR+ Str+6 Dex-4 SInv} for
                  | 465 gold pieces
 24330 | D:13     | Received a gift from Trog
 24374 | D:13     | Reached skill level 11 in Shields
 24705 | D:13     | Found a gate to the Vaults.
 24824 | D:13     | Reached XP level 15. HP: 103/107 MP: 23/23
 26023 | D:14     | Found a flickering gateway to a bazaar.
 26034 | Bazaar   | Entered a bazaar
 26064 | Bazaar   | Found Uwniecw's Antique Armour Shoppe.
 26079 | Bazaar   | Found Syfikiec's Magic Scroll Shoppe.
 26094 | Bazaar   | Found Yfeid's General Store.
 26145 | Bazaar   | Identified a scroll of acquirement
 26179 | Bazaar   | Bought a scroll of summoning for 114 gold pieces
 26179 | Bazaar   | Bought a scroll of teleportation for 36 gold pieces
 26179 | Bazaar   | Bought a scroll of teleportation for 36 gold pieces
 26210 | Bazaar   | Bought a scroll of enchant armour for 82 gold pieces
 26210 | Bazaar   | Bought a scroll of holy word for 82 gold pieces
 26210 | Bazaar   | Bought a +4 amulet of reflection for 297 gold pieces
 26884 | D:14     | Found a snail-covered altar of Cheibriados.
 27043 | D:15     | Entered Level 15 of the Dungeon
 27151 | D:15     | Received a gift from Trog
 27183 | D:15     | Reached skill level 12 in Shields
 27365 | D:15     | Identified the cursed +0 shield of the Black Moon {+Fly}
 27515 | D:15     | Found a staircase to the Depths.
 27774 | D:15     | Noticed Rupert
 27785 | D:15     | Killed Rupert
 28458 | D:10     | Killed loom's ghost
 28720 | Orc:1    | Entered Level 1 of the Orcish Mines
 28906 | Orc:2    | Entered Level 2 of the Orcish Mines
 28950 | Orc:2    | Found a transporter.
 28952 | Orc:2    | Noticed P0WERM0DE's ghost (journeyman DDFi)
 28953 | Orc:2    | Found a transporter.
 29217 | Orc:1    | Reached XP level 16. HP: 114/114 MP: 25/25
 29462 | Orc:2    | Identified the +1 dire flail of Karma {holy, +Rage rElec
                  | Stlth+}
 29575 | Orc:1    | Reached skill level 13 in Shields
 29692 | Orc:2    | Noticed Saint Roka
 29695 | Orc:2    | Received a gift from Trog
 29700 | Orc:2    | Noticed Blork the orc
 29711 | Orc:2    | Killed Saint Roka
 29919 | Orc:2    | Killed Blork the orc
 29999 | Orc:2    | Noticed Nergalle
 30178 | Orc:2    | Killed Nergalle
 30221 | Orc:2    | Found a roughly hewn altar of Beogh.
 30288 | Orc:2    | Found Goydi's Jewellery Boutique.
 30343 | Orc:2    | Found Muagien's General Store.
 30352 | Orc:2    | Found Booheghi's Antique Armour Boutique.
 30403 | Orc:2    | Bought a scroll of random uselessness for 15 gold pieces
 30467 | Orc:2    | Found a staircase to the Elven Halls.
 30727 | Orc:2    | Found Idyad's Antique Weapon Boutique.
 30887 | Orc:2    | Bought the amulet of Compassion {Spirit +Inv rN+ Str-5} for
                  | 565 gold pieces
 31031 | Orc:2    | Bought an uncursed ring of protection from fire for 375
                  | gold pieces
 31050 | Orc:2    | Bought a potion of curing for 45 gold pieces
 31401 | Spider:1 | Entered Level 1 of the Spider Nest
 31448 | Spider:1 | Found a frozen archway.
 31531 | IceCv    | Entered an ice cave
 31562 | IceCv    | Gained mutation: You are frail. (-10% HP) [mutagenic glow]
 31707 | IceCv    | Lost mutation: You are frail. (-10% HP) [potion of
                  | mutation]
 31707 | IceCv    | Gained mutation: You are dopey. (Int -2) [potion of
                  | mutation]
 31707 | IceCv    | Gained mutation: Scrolls take you a little longer to read.
                  | [potion of mutation]
 31707 | IceCv    | Lost mutation: You are dopey. (Int -2) [potion of mutation]
 31708 | IceCv    | Lost mutation: Scrolls take you a little longer to read.
                  | [potion of mutation]
 31708 | IceCv    | Gained mutation: You tend to lose your temper in combat.
                  | [potion of mutation]
 31708 | IceCv    | Gained mutation: Your muscles are strong. (Str +2) [potion
                  | of mutation]
 31709 | IceCv    | Lost mutation: You tend to lose your temper in combat.
                  | [potion of mutation]
 31709 | IceCv    | Lost mutation: Your muscles are strong. (Str +2) [potion of
                  | mutation]
 31709 | IceCv    | Gained mutation: Your spells are a little harder to cast,
                  | but a little more powerful. [potion of mutation]
 31709 | IceCv    | Gained mutation: You occasionally shout uncontrollably at
                  | your foes. [potion of mutation]
 31709 | IceCv    | Gained mutation: Potions are less effective at restoring
                  | your health. [potion of mutation]
 31709 | IceCv    | Gained mutation: You are agile. (Dex +2) [potion of
                  | mutation]
 32430 | IceCv    | Noticed an Ice Fiend
 32455 | IceCv    | Killed an Ice Fiend
 32561 | IceCv    | Reached skill level 14 in Shields
 33280 | IceCv    | Found the +7 great mace "Firestarter" {inner flame, rF++}
 35324 | Spider:2 | Reached XP level 17. HP: 110/123 MP: 26/26
 35540 | Spider:2 | Reached skill level 15 in Shields
 36173 | Spider:3 | Received a gift from Trog
 36783 | Spider:4 | Entered Level 4 of the Spider Nest
 37274 | Spider:4 | Noticed Arachne
 37313 | Spider:4 | Killed Arachne
 37313 | Spider:4 | Reached skill level 16 in Shields
 38128 | Spider:4 | Received a gift from Trog
 39300 | Spider:4 | Reached XP level 18. HP: 109/132 MP: 27/27
 39684 | Spider:4 | Got a gossamer rune of Zot
 39996 | Shoals:1 | Entered Level 1 of the Shoals
 40332 | Shoals:1 | Reached skill level 17 in Shields
 40507 | Shoals:1 | Bought a potion of haste for 180 gold pieces
 40507 | Shoals:1 | Bought a potion of curing for 54 gold pieces
 40507 | Shoals:1 | Bought a potion of curing for 54 gold pieces
 40507 | Shoals:1 | Bought a potion of heal wounds for 90 gold pieces
 40507 | Shoals:1 | Bought a potion of resistance for 180 gold pieces
 40887 | Shoals:1 | Received a gift from Trog
 41390 | Shoals:2 | Noticed Polyphemus
 41978 | Shoals:2 | Reached skill level 15 in Fighting
 41997 | Shoals:2 | Killed Polyphemus
 42913 | Shoals:3 | Noticed Ilsuiw
 43037 | Shoals:3 | Killed Ilsuiw
 43571 | Shoals:3 | Noticed Roxanne
 43591 | Shoals:3 | Killed Roxanne
 43591 | Shoals:3 | Received a gift from Trog
 43591 | Shoals:3 | Reached skill level 18 in Shields
 43934 | Shoals:4 | Entered Level 4 of the Shoals
 43968 | Shoals:4 | Reached ****** piety under Trog
 44314 | Shoals:4 | Reached XP level 19. HP: 117/139 MP: 28/28
 44316 | Shoals:4 | Received a gift from Trog
 44832 | Shoals:4 | Got a faintly glowing bronze ring
 44834 | Shoals:4 | Identified the ring "Hitaim" {rPois MR+ AC+3 Int+4} (You
                  | found it on level 4 of the Shoals)
 44910 | Shoals:4 | Got a barnacled rune of Zot
 45046 | Shoals:4 | Received a gift from Trog
 46382 | Orc:2    | Killed P0WERM0DE's ghost
 46518 | Elf:1    | Entered Level 1 of the Elven Halls
 46585 | Elf:1    | Reached skill level 19 in Shields
 46585 | Elf:1    | Reached XP level 20. HP: 147/147 MP: 29/29
 46664 | Elf:1    | Received a gift from Trog
 46867 | Elf:1    | Noticed Agnes
 46877 | Elf:1    | Killed Agnes
 47272 | Elf:1    | Found Zoeppub's Magic Scroll Shop.
 47276 | Elf:1    | Bought a scroll of blinking for 142 gold pieces
 47276 | Elf:1    | Bought a scroll of enchant weapon for 142 gold pieces
 47276 | Elf:1    | Bought a scroll of enchant weapon for 142 gold pieces
 47276 | Elf:1    | Bought a scroll of enchant weapon for 142 gold pieces
 48076 | Elf:2    | Reached skill level 15 in Polearms
 48323 | Elf:2    | Found a huge runed translucent gate.
 48323 | Elf:2    | Found a huge runed translucent gate.
 48323 | Elf:2    | Found a huge runed translucent gate.
 48324 | Elf:2    | Found a huge runed translucent gate.
 48326 | Elf:2    | Found a huge runed translucent gate.
 48699 | Elf:3    | Entered Level 3 of the Elven Halls
 48707 | Elf:3    | Found a magical portal.
 48716 | Elf:3    | Reached XP level 21. HP: 148/154 MP: 30/30
 48724 | WizLab   | Entered Iskenderun's Mystic Tower
 48762 | Elf:3    | Received a gift from Trog
 49073 | Elf:3    | Reached skill level 20 in Shields
 49850 | Elf:3    | Noticed Louise
 49856 | Elf:3    | Killed Louise
 50417 | Elf:3    | Received a gift from Trog
 51388 | Elf:3    | Identified the cursed +1 leather armour "Puarch" {rPois rC+
                  | MR- Dex+9}
 51388 | Elf:3    | Identified an amulet of the Good {Gourm rPois SInv}
 51395 | Elf:3    | Identified the ring "Maaf" {rElec rF+ rN+ EV+3}
 51417 | Elf:3    | Identified the cursed +0 morningstar "Jishren" {flame,
                  | +Blink}
 51417 | Elf:3    | Identified the cursed +1 robe of the Wasteland {rF++ rC-
                  | Str+6}
 51417 | Elf:3    | Identified the amulet "Ucuosch" {+Rage rElec Str+5}
 51700 | Elf:3    | Identified the cursed +1 rapier of Ufacatea {freeze, rElec
                  | rF+ MP+9 Str+4}
 51732 | Elf:3    | Identified the Catalogue of Enhancements
 52096 | Orc:2    | Bought the ring "Odghined" {rC+ Int+3 Dex+6} for 1182 gold
                  | pieces
 52324 | Slime:1  | Entered Level 1 of the Pits of Slime
 52625 | Slime:1  | Received a gift from Trog
 53385 | Slime:2  | Reached skill level 21 in Shields
 53391 | Slime:2  | Received a gift from Trog
 53402 | Slime:2  | Got a translucent rapier {god gift}
 53897 | Slime:4  | Reached XP level 22. HP: 106/163 MP: 31/31
 54037 | Slime:5  | Entered Level 5 of the Pits of Slime
 54068 | Slime:5  | Noticed the Royal Jelly
 55542 | Slime:5  | Found a viscous altar of Jiyva.
 55633 | Slime:5  | Killed the Royal Jelly
 55633 | Slime:5  | Reached skill level 22 in Shields
 55714 | Slime:5  | Got a crude demon whip
 55887 | Slime:5  | Identified the +6 demon whip "Xaalem" {flame, MR+} (You
                  | found it on level 5 of the Pits of Slime)
 55897 | Slime:5  | Got a steaming lead ring
 55946 | Slime:5  | Got a slimy rune of Zot
 55948 | Slime:5  | Identified the ring "Dechures" {+Inv rPois rF+} (You found
                  | it on level 5 of the Pits of Slime)
 55949 | Slime:5  | Identified the ring "Zele" {rN+ MR+ EV+1} (You found it on
                  | level 5 of the Pits of Slime)
 55965 | Slime:5  | Got a steaming amethyst amulet
 55966 | Slime:5  | Identified the amulet of Wurot {RegenMP rC+ Str+2} (You
                  | found it on level 5 of the Pits of Slime)
 56465 | Depths:1 | Entered Level 1 of the Depths
 56485 | Depths:1 | Received a gift from Trog
 56533 | Depths:1 | Found a gateway to Hell.
 57123 | Depths:1 | Found a gateway to a ziggurat.
 57156 | Depths:1 | Found Utem Yqi's Demolitions Depot.
 57185 | Depths:1 | Found a one-way gate leading to the halls of Pandemonium.
 57239 | Depths:1 | Received a gift from Trog
 57474 | Depths:1 | You fall through a shaft!
 57657 | Depths:2 | Reached XP level 23. HP: 162/172 MP: 29/32
 57935 | Depths:1 | Found a runed translucent gate.
 57935 | Depths:1 | Found a runed translucent gate.
 57935 | Depths:1 | Found a runed translucent gate.
 57936 | Depths:1 | Noticed Zaureus's ghost (adept TrMo)
 57937 | Depths:1 | Noticed Cacw's ghost (adept MiBe)
 58213 | Depths:1 | Found Puzapif's Food Shoppe.
 58468 | Zig:1    | Entered Level 1 of a ziggurat
 58487 | Zig:2    | Entered Level 2 of a ziggurat
 58509 | Zig:3    | Entered Level 3 of a ziggurat
 58638 | Zig:4    | Entered Level 4 of a ziggurat
 58640 | Zig:4    | Noticed Miowk the pandemonium lord
 58671 | Zig:4    | Killed Miowk the pandemonium lord
 58710 | Zig:4    | Got a fine dagger
 58716 | Zig:4    | Reached XP level 24. HP: 180/180 MP: 33/33
 58720 | Zig:5    | Entered Level 5 of a ziggurat
 58972 | Zig:6    | Entered Level 6 of a ziggurat
 59267 | Depths:1 | Killed Cacw's ghost
 59359 | Depths:1 | Killed Zaureus's ghost
 59948 | Depths:2 | Received a gift from Trog
 60432 | Depths:3 | Noticed a juggernaut
 60459 | Depths:3 | Killed a juggernaut
 60464 | Depths:3 | You fall through a shaft for 2 floors!
 60464 | Depths:5 | Entered Level 5 of the Depths
 60613 | Depths:5 | Noticed Jory
 60636 | Depths:5 | Killed Jory
 61245 | Depths:3 | Received a gift from Trog
 61473 | Depths:3 | Noticed Mennas
 61495 | Depths:3 | Killed Mennas
 61849 | Depths:3 | You fall through a shaft!
 61894 | Depths:4 | Reached skill level 23 in Shields
 62069 | Depths:3 | Reached XP level 25. HP: 166/189 MP: 30/33
 62394 | Depths:3 | Found a one-way gate to the infinite horrors of the Abyss.
 62547 | Depths:3 | Received a gift from Trog
 62760 | Depths:3 | Noticed Asterion
 62773 | Depths:3 | Killed Asterion
 63063 | Depths:3 | Reached skill level 15 in Evocations
 63666 | Depths:4 | Identified the +2 faerie dragon scales {rCorr MP+1 Str+3}
 63666 | Depths:4 | Noticed the Enchantress
 63690 | Depths:4 | Killed the Enchantress
 65735 | Depths:5 | Identified the +12 spear "Laapy" {pierce, *Rage rElec
                  | Int+2}
 65792 | Depths:5 | Received a gift from Trog
 65924 | Depths:5 | Found a gate to the Realm of Zot.
 66880 | D:7      | Bought an uncursed ring of flight for 210 gold pieces
 67190 | Depths:1 | Bought a fan of gales for 800 gold pieces
 67328 | Zot:1    | Entered Level 1 of the Realm of Zot
 67930 | Zot:1    | Reached XP level 26. HP: 159/187 MP: 30/34
 68772 | Zot:2    | Received a gift from Trog
 68854 | Zot:2    | Noticed a Killer Klown
 68864 | Zot:2    | Killed a Killer Klown
 70812 | Zot:2    | Reached skill level 24 in Shields
 71272 | Zot:3    | Reached skill level 15 in Dodging
 71323 | Zot:3    | Reached XP level 27. HP: 160/195 MP: 35/35
 71356 | Zot:3    | Received a gift from Trog
 71516 | Zot:3    | Got a translucent spear {god gift}
 72247 | Zot:4    | Noticed an orb of fire
 72598 | Zot:3    | Killed an orb of fire
 73128 | Zot:5    | Entered Level 5 of the Realm of Zot
 74501 | Zot:4    | Received a gift from Trog
 74604 | Zot:4    | Found a transporter.
 74605 | Zot:4    | Found the +0 mask of the Dragon {MR+ Slay+3 SInv}
 74629 | Zot:4    | Found a transporter.
 75718 | Zot:5    | Reached skill level 25 in Shields
 75718 | Zot:5    | Noticed an orb of fire
 75726 | Zot:5    | Gained mutation: You are occasionally teleported next to
                  | monsters. [an orb of fire]
 75732 | Zot:5    | Gained mutation: Your body sometimes deteriorates upon
                  | taking damage. [an orb of fire]
 75734 | Zot:5    | Killed an orb of fire
 75735 | Zot:5    | Lost mutation: Your body sometimes deteriorates upon taking
                  | damage. [potion of mutation]
 75735 | Zot:5    | Lost mutation: You occasionally shout uncontrollably at
                  | your foes. [potion of mutation]
 75735 | Zot:5    | Gained mutation: Your flesh is heat resistant. (rF+)
                  | [potion of mutation]
 75735 | Zot:5    | Gained mutation: You are covered in fur. (AC +1) [potion of
                  | mutation]
 75735 | Zot:5    | Gained mutation: You evolve. [potion of mutation]
 75735 | Zot:5    | Gained mutation: Your system is resistant to poisons.
                  | (rPois) [potion of mutation]
 75736 | Zot:5    | Lost mutation: Your system is resistant to poisons. (rPois)
                  | [potion of mutation]
 75736 | Zot:5    | Lost mutation: You are occasionally teleported next to
                  | monsters. [potion of mutation]
 75736 | Zot:5    | Lost mutation: You evolve. [potion of mutation]
 75736 | Zot:5    | Lost mutation: You are agile. (Dex +2) [potion of mutation]
 75736 | Zot:5    | Gained mutation: One of your tentacles bears a spike.
                  | [potion of mutation]
 75736 | Zot:5    | Gained mutation: You are partially covered in thin metallic
                  | scales. (AC +2) [potion of mutation]
 75743 | Zot:5    | Noticed an ancient lich
 75750 | Zot:5    | Killed an ancient lich
 75751 | Zot:5    | Noticed an ancient lich
 75759 | Zot:5    | Killed an ancient lich
 75759 | Zot:5    | Noticed an ancient lich
 75770 | Zot:5    | Killed an ancient lich
 75770 | Zot:5    | Noticed an orb of fire
 75783 | Zot:5    | Gained mutation: Scrolls take you a little longer to read.
                  | [an orb of fire]
 75789 | Zot:5    | Gained mutation: Your muscles are strong. (Str +2) [an orb
                  | of fire]
 75790 | Zot:5    | Killed an orb of fire
 75790 | Zot:5    | Noticed an orb of fire
 75794 | Zot:5    | Gained mutation: You do not regenerate when monsters are
                  | visible. [an orb of fire]
 75803 | Zot:5    | Gained mutation: Scrolls take you longer to read. [an orb
                  | of fire]
 75804 | Zot:5    | Killed an orb of fire
 75805 | Zot:5    | Noticed an ancient lich
 75812 | Zot:5    | Killed an ancient lich
 75831 | Zot:5    | Noticed an ancient lich
 75837 | Zot:5    | Killed an ancient lich
 75876 | Zot:5    | Noticed an ancient lich
 75893 | Zot:5    | Killed an ancient lich
 76095 | Zot:5    | Lost mutation: Your muscles are strong. (Str +2) [potion of
                  | mutation]
 76095 | Zot:5    | Lost mutation: One of your tentacles bears a spike. [potion
                  | of mutation]
 76095 | Zot:5    | Lost mutation: Your flesh is heat resistant. (rF+) [potion
                  | of mutation]
 76095 | Zot:5    | Gained mutation: You are agile. (Dex +2) [potion of
                  | mutation]
 76096 | Zot:5    | Lost mutation: Your spells are a little harder to cast, but
                  | a little more powerful. [potion of mutation]
 76096 | Zot:5    | Lost mutation: Scrolls take you longer to read. [potion of
                  | mutation]
 76096 | Zot:5    | Lost mutation: Scrolls take you a little longer to read.
                  | [potion of mutation]
 76096 | Zot:5    | Gained mutation: Your spells are a little harder to cast,
                  | but a little more powerful. [potion of mutation]
 76415 | Zot:5    | Noticed an ancient lich
 76425 | Zot:5    | Killed an ancient lich
 76444 | Zot:5    | Noticed an ancient lich
 76453 | Zot:5    | Noticed an ancient lich
 76457 | Zot:5    | Received a gift from Trog
 76466 | Zot:5    | Killed an ancient lich
 76478 | Zot:5    | Killed an ancient lich
 77367 | Zot:5    | Got the Orb of Zot
 77419 | Zot:5    | Noticed a seraph
 77652 | Depths:3 | Noticed Orcha the pandemonium lord
 77762 | D:15     | Noticed a seraph
 77834 | D:13     | Gained mutation: Your magical capacity is low. (-10% MP) [a
                  | neqoxec]
 77838 | D:13     | Lost mutation: You are covered in fur. (AC +1) [potion of
                  | mutation]
 77838 | D:13     | Lost mutation: You do not regenerate when monsters are
                  | visible. [potion of mutation]
 77838 | D:13     | Gained mutation: You are resistant to hostile enchantments.
                  | (MR+) [potion of mutation]
 77838 | D:13     | Gained mutation: Your muscles are strong. (Str +2) [potion
                  | of mutation]
 78227 | D:1      | Noticed Eheycics the pandemonium lord
 78227 | D:1      | Noticed an ancient lich
 78259 | D:$      | Escaped with the Orb!

Skill      XL: |  1  2  3  4  5  6  7  8  9 10 11 12 13 14 15 16 17 18 19 20 21 22 23 24 25 26 27 |
---------------+----------------------------------------------------------------------------------+-----
Stealth        | 1 2 3 |  3.0
Dodging        | 4 5 6 8 9 10 11 13 15 18 | 18.5
Long Blades    | 4 5 6 |  6.0
Fighting       | 4 5 6 7 8 9 10 11 12 13 14 15 16 17 18 19 20 21 22 24 | 24.0
Polearms       | 2 5 8 9 11 12 13 14 15 16 17 18 | 18.0
Evocations     | 1 4 6 7 8 9 10 12 13 14 15 17 20 | 20.0
Shields        | 4 6 9 11 12 14 16 18 19 21 22 23 24 25 | 25.0

Action                   |  1- 3 |  4- 6 |  7- 9 | 10-12 | 13-15 | 16-18 | 19-21 | 22-24 | 25-27 || total
-------------------------+-------+-------+-------+-------+-------+-------+-------+-------+-------++-------
Melee: Falchion          |    31 |    88 |   107 |       |       |       |       |       |       ||   226
       Constrict         |    10 |    30 |    35 |    64 |    94 |   201 |   127 |    69 |   203 ||   833
       Tentacles         |     6 |    23 |    51 |   115 |   212 |   363 |   291 |   427 |   782 ||  2270
       Trident           |       |       |   126 |   551 |   903 |   183 |       |       |       ||  1763
       Unarmed           |       |       |     4 |       |       |       |       |       |       ||     4
       Demon trident     |       |       |       |       |       |  1296 |  1039 |  1106 |  2049 ||  5490
       Kick              |       |       |       |       |       |       |       |       |    96 ||    96
Throw: Stone             |       |     2 |     5 |       |       |       |       |       |       ||     7
       Tomahawk          |       |       |     1 |     2 |     1 |       |       |       |       ||     4
       Throwing net      |       |       |       |       |     1 |       |       |     5 |       ||     6
Invok: Berserk           |       |     4 |     9 |    12 |    21 |     8 |     1 |     1 |       ||    56
       Trog's Hand       |       |       |     2 |     5 |     8 |    15 |    10 |    10 |    15 ||    65
       Brothers in Arms  |       |       |       |       |       |     4 |       |     2 |       ||     6
 Abil: Evoke Invisibilit |       |       |       |       |     7 |    12 |     5 |     8 |    14 ||    46
Evoke: Wand              |       |       |       |     8 |    19 |    28 |     9 |     2 |    22 ||    88
       Phial of floods   |       |       |       |       |       |     1 |     1 |     1 |       ||     3
       Lamp of fire      |       |       |       |       |       |     1 |     1 |     1 |       ||     3
  Use: Potion            |       |     2 |     4 |     2 |       |    11 |     1 |     5 |    14 ||    39
       Scroll            |       |     1 |     9 |    14 |    10 |    26 |     7 |    22 |    19 ||   108
 Stab: Sleeping          |     3 |     9 |     9 |    28 |    36 |    25 |    10 |    18 |     9 ||   147
       Distracted        |       |     1 |     1 |     1 |     3 |     6 |     2 |     2 |     9 ||    25
       Invisible         |       |       |       |       |    26 |    59 |    31 |    62 |   106 ||   284
       Petrified         |       |       |       |       |       |     2 |       |       |       ||     2
       Paralysed         |       |       |       |       |       |       |     1 |       |    11 ||    12
       Held in net/web   |       |       |       |       |       |       |       |     8 |       ||     8
  Eat: Chunk             |       |     8 |    18 |    36 |    39 |    37 |    22 |    12 |    13 ||   185
       Ration            |       |     1 |     2 |       |     8 |    11 |     3 |     7 |    15 ||    47
Armor: Skin              |     1 |     3 |    43 |     1 |     8 |     8 |     5 |     5 |    10 ||    84
Dodge: Dodged            |    12 |    64 |   136 |   240 |   385 |   574 |   277 |   356 |   719 ||  2763
Block: Buckler           |       |       |       |    21 |   139 |       |       |       |       ||   160
       Shield            |       |       |       |       |    60 |   239 |       |       |       ||   299
       Reflection        |       |       |       |       |     6 |     5 |       |       |       ||    11
       Large shield      |       |       |       |       |       |   706 |   747 |   886 |  1464 ||  3803
       Rpst.: Falchion   |     5 |    18 |    12 |       |       |       |       |       |       ||    35
